 Dungeon Crawl Stone Soup version 0.16-a0-670-g3b10be2 (webtiles) character file.

1820 RobertPalmer the Covert (level 9, -1/54 HPs)
             Began as an Octopode Assassin on Sept 19, 2014.
             Was an Initiate of Gozag.
             Slain by a water moccasin (10 damage)
             ... on Level 6 of the Dungeon.
             The game lasted 00:28:19 (6945 turns).

RobertPalmer the Covert (Octopode Assassin)         Turns: 6945, Time: 00:28:19

HP  -1/54        AC  1     Str 10      XL: 9   Next: 10%
MP  18/18        EV 21     Int 14      God: Gozag
Gold 480         SH  0     Dex 21      Spells:  0 memorised,  8 levels left

rFire  + . .     SeeInvis .     a - +0 dagger (venom)
rCold  + . .     Clarity  .     (no shield)
rNeg   . . .     rCorr    +     (helmet restricted)
rPois  +         rRot     .     i - amulet of resist corrosion
rElec  +         Spirit   .     v - ring of magical power
SustAb .         Warding  .     (no ring)
rMut   .         Stasis   .     (no ring)
Gourm  .                        (no ring)
MR     .....                    (no ring)
                                (no ring)
                                (no ring)
                                (no ring)

@: agile, lethally poisoned, resistant, not resistant to hostile enchantments,
extraordinarily stealthy
A: almost no armour, amphibious, 8 rings, constrict 8, camouflage 1, gelatinous
body 1
a: Potion Petition, Call Merchant, Bribe Branch, Renounce Religion


You were on level 6 of the Dungeon.
You worshipped Gozag.
Gozag was noncommittal.
You were near starving.

You visited 2 branches of the dungeon, and saw 9 of its levels.

You collected 619 gold pieces.
You paid 139 gold pieces to Gozag.


Innate Abilities, Weirdness & Mutations

You cannot wear most types of armour.
You are amphibious.
You can wear up to eight rings at the same time.
You can use your tentacles to constrict many enemies at once.
Your skin changes colour to match your surroundings (Stealth).
Your rubbery body absorbs attacks (AC +1).


   Skills:
 - Level 2.0 Fighting
 - Level 5.5 Short Blades
 - Level 2.0 Throwing
 + Level 5.0 Dodging
 - Level 13.1 Stealth


You had 8 spell levels left.
You didn't know any spells.

Inventory:

Hand weapons
 a - a +0 dagger of venom (weapon)
 b - a +3 blowgun
 D - a +0 club
Missiles
 e - 21 poisoned needles
 y - 2 poisoned tomahawks (quivered)
Comestibles
 g - 3 bread rations
 z - a meat ration
 E - a fruit
Scrolls
 l - 2 scrolls of amnesia
 n - a scroll of recharging
 A - 2 scrolls of remove curse
 C - 3 scrolls of identify
Jewellery
 i - an amulet of resist corrosion (around mantle)
 v - a ring of magical power (left tentacle)
Potions
 c - a potion of brilliance {unknown}
 d - a potion of restore abilities {unknown}
 h - a potion of heal wounds {unknown}
 j - 2 potions of resistance
 k - a potion of haste {unknown}
 m - 3 potions of magic
 o - 3 potions of cancellation
 q - 3 potions of curing
 t - a potion of invisibility {unknown}
 u - 2 potions of berserk rage
Books
 x - Sif Muna's Reference Book on Darkness
   (You found it on level 6 of the Dungeon)

   Spells                             Type                      Level
   Animate Skeleton                   Necromancy                   1
Magical staves
 B - an uncursed staff of fire {unknown}

Dungeon Overview and Level Annotations

Branches:
Dungeon (8/15)             Temple (1/1) D:4
   Lair: D:8-11

Altars:
Cheibriados
Dithmenos
Fedhas
Gozag
Makhleb
Nemelex Xobeh
Okawaru
Qazlal
Sif Muna
Yredelemnul
The Shining One

Annotations:
D:4 Grinder
D:8 Erolcha

##.###.#............#
##.##
#............###
##.## ###..........#
..#### #..........#
.....#####..........#
####.#..............#
####.#.....##.......#
...........#####S####
####.#.....# #@#
####.#.....# #.#
...#.####### #.#
##.#.# #.# .....# #.#
##.######### #.#
#.#.......#####.#
#.#.####........#
#.#.####..#######


You could see a water moccasin.


Message History

You hit the water moccasin.
The water moccasin is heavily wounded.
The water moccasin barely misses you.
You hit the water moccasin.
The water moccasin is heavily wounded.
The water moccasin bites you.
* * * LOW HITPOINT WARNING * * *
You are poisoned.
The water moccasin poisons you!
You hit the water moccasin.
The water moccasin is severely wounded.
You feel sick. The water moccasin bites you.
* * * LOW HITPOINT WARNING * * *
You hit the water moccasin but do no damage.
You squeeze the water moccasin.
The water moccasin is severely wounded.
You feel sick. The water moccasin misses you.
You hit the water moccasin. You grab the water moccasin.
The water moccasin is almost dead.
You constrict the water moccasin.
The water moccasin completely misses you.
You hit the water moccasin but do no damage.
The water moccasin is almost dead.
You constrict the water moccasin. The water moccasin misses you.
You barely miss the water moccasin.
You squeeze the water moccasin, but do no damage.
The water moccasin is almost dead.
You constrict the water moccasin.
You feel sick. The water moccasin bites you!
You die...
Your body crumbles into a pile of gold.

Action                   |  1- 3 |  4- 6 |  7- 9 || total
-------------------------+-------+-------+-------++-------
Melee: Dagger            |    47 |   113 |   165 ||   325
 Fire: Blowgun           |       |     4 |    15 ||    19
Throw: Javelin           |     6 |     8 |    21 ||    35
       Tomahawk          |       |     2 |    12 ||    14
  Use: Scroll            |       |     9 |    11 ||    20
       Potion            |       |       |     3 ||     3
 Stab: Sleeping          |    18 |    13 |    18 ||    49
       Distracted        |       |     2 |     1 ||     3
  Eat: Chunk             |       |     3 |     1 ||     4
       Bread ration      |       |     1 |     1 ||     2
       Fruit             |       |       |     3 ||     3
       Beef jerky        |       |       |     1 ||     1

Vault maps used:
D:1:      shiori_arrival_oz
D:2:      grunt_temple_overflow_forces_of_nature
D:3:      minmay_misc_feat_enclosed, kennysheep_crisscross, nrook_loot_triangle
D:4:      gammafunk_temple_overflow_claw, minmay_temple_entry_fiery,
          first_bread, uniq_sigmund, uniq_grinder
D:6:      lemuel_coloured_pillars_altar, lemuel_doored_altar, led_sif_book
D:8:      uniq_duvessa, uniq_erolcha, uniq_pikel
Temple:   circular_temple_pool_12

Notes
Turn   | Place    | Note
--------------------------------------------------------------
     0 | D:1      | RobertPalmer, the Octopode Assassin, began the quest for the Orb.
     0 | D:1      | Reached XP level 1. HP: 14/14 MP: 1/1
    65 | D:1      | Reached XP level 2. HP: 17/19 MP: 2/2
    88 | D:1      | Reached skill level 6 in Stealth
   691 | D:2      | Reached XP level 3. HP: 24/24 MP: 3/3
   750 | D:2      | Reached skill level 7 in Stealth
   823 | D:2      | Found a stormy altar of Qazlal.
   828 | D:2      | Found a blossoming altar of Fedhas.
   924 | D:2      | Reached XP level 4. HP: 20/29 MP: 4/4
  1382 | D:3      | Reached skill level 8 in Stealth
  2287 | D:3      | Reached XP level 5. HP: 24/34 MP: 5/5
  2795 | D:4      | Reached skill level 3 in Short Blades
  2810 | D:4      | Noticed an orc warrior
  2926 | D:4      | Noticed Sigmund
  2929 | D:4      | Killed Sigmund
  2929 | D:4      | Reached skill level 4 in Short Blades
  2929 | D:4      | Reached XP level 6. HP: 39/39 MP: 6/6
  2983 | D:4      | Noticed an ogre
  2986 | D:4      | Killed an ogre
  2986 | D:4      | Reached skill level 5 in Short Blades
  3095 | D:4      | Noticed Grinder
  3097 | D:4      | Paralysed by Grinder for 2 turns
  3291 | D:4      | Found a burning altar of Makhleb.
  3291 | D:4      | Found a shadowy altar of Dithmenos.
  3292 | D:4      | Found a glowing golden altar of the Shining One.
  3315 | D:4      | Reached XP level 7. HP: 45/45 MP: 7/7
  3429 | D:4      | Killed an orc warrior
  3429 | D:4      | Reached skill level 9 in Stealth
  3505 | D:4      | Noticed an ogre
  3744 | D:5      | Entered Level 5 of the Dungeon
  4114 | D:4      | Found a staircase to the Ecumenical Temple.
  4121 | Temple   | Entered the Ecumenical Temple
  4133 | Temple   | Became a worshipper of Gozag Ym Sagoz the Greedy
  4192 | D:4      | Reached skill level 10 in Stealth
  4229 | D:4      | Killed an ogre
  4299 | D:5      | Reached skill level 11 in Stealth
  4481 | D:5      | Reached XP level 8. HP: 43/50 MP: 8/8
  4562 | D:5      | Identified 2 potions of resistance
  4807 | D:6      | Found a deep blue altar of Sif Muna.
  4852 | D:6      | Reached skill level 12 in Stealth
  4881 | D:6      | Identified Sif Muna's Reference Book on Darkness
  4992 | D:6      | Found an iron altar of Okawaru.
  5463 | D:6      | Found a snail-covered altar of Cheibriados.
  5705 | D:7      | Reached skill level 13 in Stealth
  6162 | D:5      | Reached skill level 2 in Dodging
  6349 | D:7      | Reached skill level 3 in Dodging
  6557 | D:7      | Reached skill level 4 in Dodging
  6557 | D:7      | Reached XP level 9. HP: 54/54 MP: 9/9
  6668 | D:8      | Noticed Erolcha
  6686 | D:7      | Reached skill level 5 in Dodging
  6945 | D:6      | Slain by a water moccasin

Vanquished Creatures
  An orc warrior (D:4)
  2 sky beasts (D:7)
  An ice beast (D:5)
  3 ogres (D:4)
  A centaur (D:5)
  Sigmund (D:4)
  A big kobold (D:7)
  2 giant frogs
  A wyvern zombie (D:6)
  A wight (D:5)
  2 hounds
  3 orc priests
  5 worker ants
  4 iguanas
  4 orc wizards
  6 adders
  2 shadow imps (D:7)
  A giant mite (D:4)
  5 worms
  An adder skeleton (D:6)
  4 orc skeletons
  A giant gecko (D:3)
  4 oozes
  26 orcs
  9 bats
  4 giant cockroaches
  15 hobgoblins
  4 jackals
  3 quokkas
  2 ball pythons
  4 giant newts
  9 goblins
  8 kobolds
  10 rats
  2 rat zombies (D:6)
152 creatures vanquished.

Vanquished Creatures (others)
  A giant spore (D:7)
1 creature vanquished.

Grand Total: 153 creatures vanquished
